 Dungeon Crawl Stone Soup version 0.20.1-1-g8b1a95d (webtiles) character file.

60395 Jazqa the Fighter (level 14, -1/132 HPs)
             Began as a Minotaur Fighter on Oct 30, 2017.
             Was the Champion of Nemelex Xobeh.
             Slain by an orc high priest
             ... wielding a +0 war axe
              (3 damage)
             ... on level 2 of the Orcish Mines.
             The game lasted 00:49:58 (19347 turns).

Jazqa the Fighter (Minotaur Fighter)               Turns: 19347, Time: 00:49:58

Health: -1/132     AC: 11    Str: 28    XL:     14   Next: 56%
Magic:  0/29       EV: 16    Int:  5    God:    Nemelex Xobeh [******]
Gold:   1359       SH: 14    Dex: 13    Spells: 13/13 levels left

rFire    + . .     SeeInvis .   C - +3 demon trident (venom)
rCold    + . .     Gourm    .   c - +1 shield
rNeg     . . .     Faith    .   X - +4 scale mail
rPois    .         Spirit   +   s - +1 hat {MR+}
rElec    +         Reflect  .   i - +0 cloak of the Black Moon {rElec rC+ rCorr Dex-2}
rCorr    +         Harm     .   j - +2 pair of gloves {Str+3}
MR       +++..                  x - +2 pair of boots
Stlth    ..........             G - amulet of guardian spirit
Regen    0.4/turn               M - ring "Umipa" {MR+ MP+9 Dex+4}
MPRegen  0.3/turn               F - ring of protection from fire

@: lethally poisoned (-1 -> -1), corroded
A: retaliatory headbutt, horns 2
a: Triple Draw, Deal Four, Stack Five, Renounce Religion


You were on level 2 of the Orcish Mines.
You worshipped Nemelex Xobeh.
Nemelex Xobeh was exalted by your worship.
You were not hungry.

You visited 3 branches of the dungeon, and saw 19 of its levels.
You also visited: Ossuary and Ice Cave.

You collected 1359 gold pieces.


Innate Abilities, Weirdness & Mutations

You reflexively headbutt those who attack you in melee.
You have a pair of horns on your head.


   Skills:
 + Level 14.3 Fighting
 + Level 13.8 Polearms
 + Level 12.6 Armour
 + Level 10.7 Dodging
 + Level 12.3 Shields
 + Level 10.1 Invocations


You had 13 spell levels left.
You didn't know any spells.

Inventory:

Hand Weapons
 C - a +3 demon trident of venom (weapon)
Armour
 c - a +1 shield (worn)
 i - the +0 cloak of the Black Moon (worn) {rElec rC+ rCorr Dex-2}
   (You acquired it on level 2 of the Lair of Beasts)

   It affects your dexterity (-2).
   It protects you from cold.
   It insulates you from electricity.
   It protects you from acid and corrosion.
 j - a +2 pair of gloves of strength (worn)
 s - a +1 hat of magic resistance (worn)
 x - a +2 pair of boots (worn)
 X - a +4 scale mail (worn)
Jewellery
 F - a ring of protection from fire (right hand)
 G - an amulet of guardian spirit (around neck)
 M - the ring "Umipa" (left hand) {MR+ MP+9 Dex+4}
   (You found it on level 10 of the Dungeon)

   [ring of magical power]

   It affects your dexterity (+4).
   It affects your resistance to hostile enchantments.
   It affects your magic capacity (+9).
Wands
 Q - a wand of iceblast (15/15)
 Y - a wand of clouds (9/9)
Scrolls
 a - 3 scrolls of fog
 h - a scroll of recharging
 k - 3 scrolls of magic mapping
 l - a scroll of fear
 r - 7 scrolls of teleportation {@r4}
 u - 7 scrolls of remove curse {@r2}
 y - 4 scrolls of immolation {!r}
 K - 3 scrolls of identify {@r1}
Potions
 q - 2 potions of heal wounds {@q2}
 t - a potion of cancellation
 v - 3 potions of curing {@q1}
 z - 4 potions of agility
 B - 8 potions of flight
 E - 3 potions of mutation {!q}
 P - a potion of lignification {!q}
 U - a potion of ambrosia
Miscellaneous
 b - an ornate deck of destruction
 d - a plain deck of summoning
 o - a plain deck of escape
 p - an ornate deck of summoning
 A - an ornate deck of destruction
 D - a plain deck of summoning {drawn: 4}
 I - a legendary deck of destruction
 J - an ornate deck of destruction {drawn: 1}
 N - an ornate deck of summoning {drawn: 2}
 R - an ornate deck of destruction
 S - a plain deck of destruction
 T - a plain deck of destruction
 W - a plain deck of escape
Comestibles
 f - 8 chunks of flesh
 m - 11 bread rations {@e1}
 n - 45 fruits {@e2}
 w - 7 meat rations {@e1}
 O - 2 royal jellies {@e3}

Dungeon Overview and Level Annotations

Branches:
Dungeon (11/15)            Temple (0/1) D:5            Lair (6/6) D:11
  Swamp (0/4) Lair:2       Spider (0/4) Lair:3        Slime (0/5) Lair:6
    Orc (2/2) D:10            Elf (0/3) Orc:2

Altars:
Fedhas
Makhleb
Nemelex Xobeh
Okawaru
Sif Muna
Trog
Uskayaw
Xom
Yredelemnul
Beogh

Shops:
D:9 ???   Orc:2 %}

Annotations:
D:7 Prince Ribbit

▒........3.4▒▒▒ #...#..
▒▒▒▒▒▒.▒▒▒▒▒▒ ###..###.
▒▒▒▒▒▒.▒▒▒▒▒▒▒▒▒▒##.....###
..........................##
..........o..........###.##
......o....)..........#.###
........oooo.O............##
......o.o44oo(h............#
........ooo@o..............#
.......o.oo.4c..............
.........@..c..........#...#
...........................#
.......o............#.....##
.........)................##
.......))..................#
.......................#...#
..........................##


You could see an orc knight, an orc high priest, an orange demon, a hellwing, a
rust devil, an orc warrior, 2 orc priests, an orc wizard, 2 friendly orc
knights, 2 friendly yaktaurs, a friendly warg, 5 friendly orc warriors, a
friendly ogre, a friendly orc priest, the friendly Jazqa's illusion and 4
friendly orcs.


Message History

You block the hellwing's attack. The hellwing hits you.
* * * LOW HITPOINT WARNING * * *
The orc knight hits you from afar with a bardiche!
* * * LOW HITPOINT WARNING * * *
The orc priest misses you. The orange demon barely misses you.
You block the orc warrior's attack. You block the orc high priest's attack.
The rust devil closely misses you.
Your yaktaur hits the hellwing but does no damage.
Your yaktaur hits the hellwing.
The orc priest invokes the aid of Beogh against you.
Beogh smites you!
* * * LOW HITPOINT WARNING * * *
Unknown command.
As you read the scroll of summoning, it crumbles to dust.
Wisps of shadow whirl around you...
You feel sick. You block the orc wizard's attack. The hellwing misses you. x2
You block the orange demon's attack. The rust devil hits you.
* * * LOW HITPOINT WARNING * * *
The rust devil corrodes you!
The orc priest looks braver for a moment.
The orc knight hits you from afar with a bardiche!
* * * LOW HITPOINT WARNING * * *
The orc warrior hits you with a dire flail!!
* * * LOW HITPOINT WARNING * * *
You block the orc priest's attack.
Your yaktaur closely misses the hellwing.
Jazqa's illusion closely misses the orc warrior.
The orc high priest hits you with a war axe.
You die...
Your body disappears without a glow.

Skill      XL: |  1  2  3  4  5  6  7  8  9 10 11 12 13 14 |
---------------+-------------------------------------------+-----
Fighting       | 4 5 6 7 9 10 11 12 13 14 | 14.3
Polearms       | 3 4 5 6 7 8 9 10 11 12 13 | 13.8
Invocations    | 1 2 4 5 6 7 8 9 10 | 10.1
Armour         | 4 6 7 9 10 12 | 12.6
Shields        | 4 6 7 9 10 11 12 | 12.3
Dodging        | 3 5 7 8 10 | 10.7

Action                   |  1- 3 |  4- 6 |  7- 9 | 10-12 | 13-15 || total
-------------------------+-------+-------+-------+-------+-------++-------
Melee: Trident           |    65 |   172 |   460 |   836 |   295 ||  1828
       Headbutt          |     7 |    26 |    94 |   229 |   195 ||   551
       Demon trident     |       |       |       |       |   404 ||   404
Evoke: Deck              |       |       |     9 |     8 |    17 ||    34
       Wand              |       |       |       |     1 |       ||     1
  Use: Potion            |       |     1 |    10 |     2 |     1 ||    14
       Scroll            |       |       |     5 |    18 |    16 ||    39
 Stab: Sleeping          |       |       |     1 |       |       ||     1
       Distracted        |       |       |     2 |     1 |     1 ||     4
  Eat: Chunk             |       |     6 |    10 |    24 |    17 ||    57
       Meat ration       |       |       |     1 |       |       ||     1
       Royal jelly       |       |       |       |     1 |       ||     1
Armor: Scale mail        |    14 |    43 |   137 |   175 |   138 ||   507
Dodge: Dodged            |    18 |    37 |   101 |   255 |   211 ||   622
Block: Shield            |    22 |    67 |   166 |   426 |   307 ||   988

Vault maps used:
D:1:      minmay_arrival_diagonal_passages
D:2:      yredelemnul_forgotten_temple_becter, first_bread,
          kennysheep_cross_room
D:3:      nemelex_xobeh_ov_fountains_minmay, chequers_ecumenical_altar_simple,
          minmay_misc_feat_secret_circle
D:4:      marbit_many_paths, hex_intersection
D:5:      okawaru_ov_weapons_minmay, minmay_temple_entry_statues,
          lightli_ossuary_entry_decrepit_ruins, tgw_sif
D:6:      lightli_temple_of_fire, old_standard_altar, kennysheep_generic_room_13
D:7:      eat_drink_and_be_merry_uskayaw, the_bakery, st_stairs_8, uniq_joseph,
          uniq_duvessa, uniq_prince_ribbit1
D:8:      basic_altar, serial_bayou_lagoon_b
D:9:      serial_shops, nicolae_shop_crystal, shop, shop
D:10:     zombieorc1_lemuel, minmay_liquid_box, uniq_urug
D:11:     david_lair_shrubbed, uniq_sonja, uniq_maurice
Lair:1:   grunt_megastairs_3
Lair:2:   beast_lair_carwin_large_3, swamp_mist, minivault_19,
          grunt_forest_stairs_clearing
Lair:3:   nicolae_spider_entry_orb_guardian
Lair:4:   serial_bayou_shore_b
Lair:5:   portal_ice_cave_entry_pillars_1
Lair:6:   grunt_lair_end_beastmaster, minmay_slime_entry_oklob_open,
          grunt_forest_small_clearings, tgw_fedhas, infiniplex_staircase_pool_2,
          lemuel_fruit_tree, lemuel_fruit_fields
Orc:1:    mines2_david
Orc:2:    st_orc_elflike, serial_shops, shop, kennysheep_orc_chapel
Ossuary:  ossuary_tomb_1
IceCv:    ice_cave_statue_garden_chambered

Notes
Turn   | Place    | Note
-------+----------+-------------------------------------------
     0 | D:1      | Jazqa the Minotaur Fighter began the quest for the Orb.
     0 | D:1      | Reached XP level 1. HP: 19/19 MP: 0/0
   119 | D:1      | Reached skill level 4 in Fighting
   135 | D:1      | Reached XP level 2. HP: 27/27 MP: 1/1
   138 | D:1      | Reached skill level 3 in Polearms
   517 | D:2      | Reached XP level 3. HP: 33/33 MP: 2/2
   533 | D:2      | Reached skill level 4 in Polearms
   542 | D:2      | Reached XP level 4. HP: 25/41 MP: 3/3
   744 | D:2      | Reached skill level 5 in Fighting
  1233 | D:2      | Found a basalt altar of Yredelemnul.
  1558 | D:3      | Reached XP level 5. HP: 10/49 MP: 4/4
  1604 | D:3      | Reached skill level 5 in Polearms
  1868 | D:3      | Found a faded altar of an unknown god.
  1950 | D:3      | Reached skill level 6 in Fighting
  1995 | D:3      | Found a sparkling altar of Nemelex Xobeh.
  2004 | D:3      | Became a worshipper of Nemelex Xobeh the Trickster
  2259 | D:4      | Received a gift from Nemelex Xobeh
  2310 | D:4      | Reached skill level 1 in Invocations
  2310 | D:4      | Reached XP level 6. HP: 48/57 MP: 5/5
  2465 | D:4      | Reached skill level 6 in Polearms
  2488 | D:4      | Reached skill level 2 in Invocations
  2670 | D:4      | Reached XP level 7. HP: 59/64 MP: 7/7
  2782 | D:4      | Found a shimmering altar of Xom.
  2805 | D:5      | Entered Level 5 of the Dungeon
  2844 | D:5      | Reached skill level 7 in Fighting
  2986 | D:5      | Reached skill level 3 in Invocations
  3009 | D:5      | Found a staircase to the Ecumenical Temple.
  3011 | D:5      | Found an iron altar of Okawaru.
  3099 | D:5      | Reached * piety under Nemelex Xobeh
  3128 | D:5      | Reached skill level 7 in Polearms
  3188 | D:5      | Found a sand-covered staircase.
  3195 | Ossuary  | Entered an ossuary
  3592 | D:5      | Reached skill level 4 in Invocations
  3592 | D:5      | Reached XP level 8. HP: 74/74 MP: 8/10
  3740 | D:5      | Noticed Blork the orc
  3752 | D:5      | Killed Blork the orc
  3752 | D:5      | Reached skill level 8 in Fighting
  3755 | D:5      | Found a deep blue altar of Sif Muna.
  4179 | D:6      | HP: 6/74 [insubstantial wisp[the player character] (8)]
  4280 | D:6      | Found a burning altar of Makhleb.
  4494 | D:6      | Received a gift from Nemelex Xobeh
  4538 | D:6      | Reached skill level 5 in Invocations
  4540 | D:6      | Reached skill level 8 in Polearms
  4566 | D:6      | Reached skill level 4 in Armour
  4700 | D:6      | Reached skill level 4 in Shields
  4712 | D:6      | Reached skill level 9 in Fighting
  4799 | D:6      | Reached ** piety under Nemelex Xobeh
  4832 | D:6      | Found a bloodstained altar of Trog.
  5020 | D:7      | Reached XP level 9. HP: 72/83 MP: 12/12
  5268 | D:7      | Reached skill level 1 in Dodging
  5270 | D:7      | Noticed Dowan
  5272 | D:7      | Noticed Duvessa
  5294 | D:7      | Killed Duvessa
  5294 | D:7      | Reached skill level 5 in Armour
  5309 | D:7      | Reached skill level 5 in Shields
  5319 | D:7      | Killed Dowan
  5331 | D:7      | Found a hide-covered altar of Uskayaw.
  5339 | D:7      | Noticed Prince Ribbit
  5360 | D:8      | Reached skill level 9 in Polearms
  5360 | D:8      | Reached skill level 6 in Invocations
  5396 | D:8      | Reached skill level 2 in Dodging
  5595 | D:8      | Noticed othur's ghost (novice MiCK)
  5762 | D:8      | Found a blossoming altar of Fedhas.
  5823 | D:8      | Noticed a rust devil
  5840 | D:8      | Killed othur's ghost
  5840 | D:8      | Reached skill level 6 in Armour
  5840 | D:8      | Reached skill level 3 in Dodging
  5840 | D:8      | Reached skill level 6 in Shields
  5874 | D:8      | HP: 8/85 [electric eel/bolt of electricity (12)]
  5875 | D:8      | HP: 2/85 [electric eel/bolt of electricity (6)]
  6635 | D:8      | Received a gift from Nemelex Xobeh
  6645 | D:8      | Reached XP level 10. HP: 91/93 MP: 13/13
  6807 | D:8      | HP: 7/93 [electric eel/bolt of electricity (10)]
  6813 | D:8      | HP: 1/93 [electric eel/bolt of electricity (5)]
  7317 | D:9      | Noticed a two-headed ogre
  7331 | D:9      | Killed a two-headed ogre
  7331 | D:9      | Reached skill level 10 in Fighting
  7727 | D:9      | Reached *** piety under Nemelex Xobeh
  7743 | D:9      | Found Qusin's Magic Scroll Shoppe.
  7745 | D:9      | Noticed a two-headed ogre
  7769 | D:9      | Killed a two-headed ogre
  7769 | D:9      | Reached skill level 4 in Dodging
  7932 | D:9      | Found Ziobbaydak's Magic Scroll Shop.
  8048 | D:9      | Found Locol's Magic Scroll Shoppe.
  8147 | D:9      | Reached skill level 7 in Armour
  8147 | D:9      | Reached skill level 7 in Invocations
  8154 | D:9      | Reached skill level 10 in Polearms
  8154 | D:9      | Reached skill level 7 in Shields
  8467 | D:9      | Received a gift from Nemelex Xobeh
  8576 | D:9      | Got a clouded pewter amulet
  8583 | D:9      | Identified the amulet "Enkeewk" {Inacc +Fly} (You found it on level 9 of the Dungeon)
  8940 | D:10     | Entered Level 10 of the Dungeon
  8947 | D:10     | Noticed a two-headed ogre
  8951 | D:10     | Reached skill level 5 in Dodging
  8989 | D:9      | Killed a two-headed ogre
  9072 | D:10     | Noticed a two-headed ogre
  9083 | D:10     | Killed a two-headed ogre
  9083 | D:10     | Reached XP level 11. HP: 33/101 MP: 15/15
  9185 | D:10     | Noticed a two-headed ogre
  9195 | D:10     | Killed a two-headed ogre
  9467 | D:10     | Reached skill level 8 in Shields
  9488 | D:10     | Reached skill level 8 in Armour
  9526 | D:10     | Noticed Urug
  9570 | D:10     | Killed Urug
  9570 | D:10     | Reached skill level 11 in Fighting
  9580 | D:10     | Found a staircase to the Orcish Mines.
  9619 | D:10     | Got a wavering bronze ring
 10078 | D:11     | Killed an unseen horror
 10078 | D:11     | Reached skill level 8 in Invocations
 10344 | D:11     | Received a gift from Nemelex Xobeh
 10369 | D:11     | Noticed a two-headed ogre
 10405 | D:11     | Reached skill level 6 in Dodging
 10425 | D:11     | Killed a two-headed ogre
 10444 | D:11     | Noticed Maurice
 10452 | D:11     | Killed Maurice
 10452 | D:11     | Reached skill level 11 in Polearms
 10734 | D:11     | Reached skill level 9 in Armour
 10748 | D:11     | Reached skill level 9 in Shields
 10975 | D:11     | Noticed a two-headed ogre
 10997 | D:11     | Killed a two-headed ogre
 11050 | D:11     | Reached **** piety under Nemelex Xobeh
 11050 | D:11     | Received a gift from Nemelex Xobeh
 11157 | D:11     | Noticed a six-headed hydra
 11174 | D:11     | Killed a six-headed hydra
 11269 | D:11     | Noticed Sonja
 11272 | D:11     | Killed Sonja
 11272 | D:11     | Reached skill level 7 in Dodging
 11272 | D:11     | Reached XP level 12. HP: 76/111 MP: 17/17
 11372 | D:11     | Found a staircase to the Lair.
 11409 | D:11     | Noticed a two-headed ogre
 11413 | D:11     | Killed a two-headed ogre
 11911 | Lair:1   | Entered Level 1 of the Lair of Beasts
 12013 | Lair:1   | Reached skill level 12 in Fighting
 12049 | Lair:1   | Received a gift from Nemelex Xobeh
 12367 | Lair:1   | Identified the ring "Umipa" {MR+ MP+9 Dex+4} (You found it on level 10 of the Dungeon)
 12456 | Lair:1   | Reached skill level 10 in Armour
 12605 | Lair:1   | Noticed a six-headed hydra
 12615 | Lair:1   | Killed a six-headed hydra
 12615 | Lair:1   | Reached skill level 10 in Shields
 12707 | Lair:1   | Noticed an eight-headed hydra
 12720 | Lair:1   | Killed an eight-headed hydra
 13104 | Lair:2   | Received a gift from Nemelex Xobeh
 13112 | Lair:2   | Found a staircase to the Swamp.
 13166 | Lair:2   | Reached skill level 8 in Dodging
 13188 | Lair:2   | Reached skill level 12 in Polearms
 13333 | Lair:2   | Noticed a five-headed hydra
 13351 | Lair:2   | Killed a six-headed hydra
 13487 | Lair:2   | Received a gift from Nemelex Xobeh
 13781 | Lair:2   | Identified a scroll of acquirement
 13784 | Lair:2   | Got a crude cloak
 13795 | Lair:2   | Identified the +0 cloak of the Black Moon {rElec rC+ rCorr Dex-2} (You acquired it on level 2 of the Lair of Beasts)
 13892 | Lair:2   | Reached ***** piety under Nemelex Xobeh
 14221 | Lair:3   | Reached XP level 13. HP: 111/119 MP: 18/18
 14225 | Lair:3   | Reached skill level 11 in Armour
 14519 | Lair:3   | Received a gift from Nemelex Xobeh
 14583 | Lair:3   | Found a hole to the Spider Nest.
 15107 | Lair:4   | Received a gift from Nemelex Xobeh
 15176 | Lair:4   | Reached skill level 9 in Dodging
 15235 | Lair:4   | Reached skill level 13 in Fighting
 15243 | Lair:4   | Reached skill level 11 in Shields
 15940 | Lair:5   | Found a frozen archway.
 15964 | IceCv    | Entered an ice cave
 16593 | Lair:5   | Received a gift from Nemelex Xobeh
 16631 | Lair:5   | Reached skill level 9 in Invocations
 16943 | Lair:5   | Received a gift from Nemelex Xobeh
 17352 | Lair:6   | Entered Level 6 of the Lair of Beasts
 17375 | Lair:6   | Received a gift from Nemelex Xobeh
 17384 | Lair:6   | Reached skill level 13 in Polearms
 17548 | Lair:6   | Reached ****** piety under Nemelex Xobeh
 17612 | Lair:6   | Reached skill level 10 in Dodging
 17648 | Lair:6   | Noticed Feta's ghost (journeyman FoFi)
 17666 | Lair:6   | Killed Feta's ghost
 17666 | Lair:6   | Reached skill level 12 in Armour
 17666 | Lair:6   | Reached XP level 14. HP: 90/130 MP: 20/20
 17824 | Lair:6   | Received a gift from Nemelex Xobeh
 17887 | Lair:6   | Found a staircase to the Slime Pits.
 18061 | Lair:6   | Found a blossoming altar of Fedhas.
 18286 | Lair:6   | Reached skill level 12 in Shields
 18313 | Lair:6   | Reached skill level 14 in Fighting
 18435 | Lair:6   | Reached skill level 10 in Invocations
 18512 | Lair:6   | Received a gift from Nemelex Xobeh
 18867 | Orc:1    | Entered Level 1 of the Orcish Mines
 18870 | Orc:1    | Found a roughly hewn altar of Beogh.
 19114 | Orc:2    | Entered Level 2 of the Orcish Mines
 19126 | Orc:2    | Found a roughly hewn altar of Beogh.
 19132 | Orc:2    | Found Egod's Gadget Emporium.
 19132 | Orc:2    | Found a staircase to the Elven Halls.
 19145 | Orc:2    | Received a gift from Nemelex Xobeh
 19287 | Orc:2    | Found Tuxer's Food Emporium.
 19347 | Orc:2    | HP: 2/132 [orc warrior/dire flail (22)]
 19347 | Orc:2    | Slain by an orc high priest

Vanquished Creatures
  The ghost of Feta the Blocker, a journeyman FoFi of the Shining One (Lair:6)
  7 hydras
  A catoblepas (Lair:6)
  A deep troll shaman (Lair:6)
  7 two-headed ogres
  Urug (D:10)
  6 death yaks (Lair:6)
  Sonja (D:11)
  The ghost of othur the Severer, a novice MiCK of Xom (D:8)
  An unseen horror (D:11)
  2 orc sorcerers (Orc:2)
  An orb spider (Lair:3)
  An oklob plant (Lair:6)
  2 ugly things (IceCv)
  9 elephants (Lair:6)
  Maurice (D:11)
  3 black mambas
  A gargoyle (D:11)
  3 ice statues (IceCv)
  10 spiny frogs
  9 komodo dragons
  A rime drake (Lair:6)
  3 polar bears
  34 blink frogs
  10 hippogriffs
  7 dream sheep (Lair:6)
  A spriggan (Lair:3)
  A shadow (D:11)
  33 yaks
  A wraith (D:11)
  2 wyverns
  4 hungry ghosts
  A basilisk (Lair:4)
  8 water moccasins
  Duvessa (D:7)
  7 ice beasts
  10 porcupines
  9 orc warriors
  2 black bears
  A phantom (D:10)
  An eye of draining (D:10)
  7 ogres
  2 necrophages (D:11)
  14 wolves
  5 centaurs
  13 crocodiles
  Blork the orc (D:5)
  12 bullfrogs
  Dowan (D:7)
  A wyvern skeleton (D:10)
  5 scorpions
  5 killer bees (D:7)
  A howler monkey (D:4)
  4 electric eels (D:8)
  2 crimson imps
  3 bullfrog zombies
  2 centaur zombies
  12 orc priests
  12 hounds
  A jelly (D:11)
  3 bullfrog skeletons
  2 centaur skeletons (D:4)
  16 orc wizards
  4 iguanas
  6 hell rats (Lair:5)
  7 worker ants
  A big kobold zombie (Ossuary)
  6 ogre zombies (D:10)
  A worker ant zombie (D:5)
  16 gnolls
  A howler monkey skeleton (D:10)
  6 adders
  5 shadow imps
  An adder skeleton (D:4)
  3 adder zombies
  4 worms
  A dart slug (D:2)
  3 leopard geckos
  40 orcs
  A ball python (D:1)
  8 giant cockroaches
  9 goblins
  9 hobgoblins
  4 jackals (D:4)
  8 kobolds
  4 quokkas
  3 bats
  6 frilled lizards
  8 goblin zombies
  2 hobgoblin skeletons (D:10)
  11 hobgoblin zombies (Ossuary)
  8 kobold zombies (Ossuary)
  A leopard gecko skeleton (D:3)
  15 orc zombies
  8 rats
  2 rat zombies (Ossuary)
  A spectral orc (D:2)
  A fungus (Lair:6)
  3 plants (Lair:6)
547 creatures vanquished.

Vanquished Creatures (collateral kills)
  A hydra (Lair:6)
  A two-headed ogre (D:11)
  A cyclops (D:11)
  An orc sorcerer (Orc:2)
  2 oklob plants (Lair:6)
  2 yaks (Lair:6)
  An ice beast (D:5)
  An orc warrior (Orc:2)
  3 centaurs (D:11)
  A big kobold (D:8)
  A crocodile (D:11)
  2 human zombies (Ossuary)
  2 orc wizards
  2 orc priests
  An iguana (D:8)
  A worker ant (D:11)
  2 mummies (Ossuary)
  An adder zombie (Ossuary)
  4 orcs
  4 kobolds (D:8)
  2 hobgoblin zombies (Ossuary)
  A kobold zombie (Ossuary)
37 creatures vanquished.

Vanquished Creatures (others)
  An ogre (D:6)
  An orc wizard (D:6)
  4 fungi
  6 plants
12 creatures vanquished.

Grand Total: 596 creatures vanquished
